 Dungeon Crawl Stone Soup version 0.31-a0-984-gbfb7dba898 (webtiles) character file.

Game seed: 11632927865734707370

141 BinkBink the Shield-Bearer (level 5, -10/33 HPs)
             Began as a Gargoyle Fighter on Nov 3, 2023.
             Mangled by an ogre
             ... wielding a +0 giant club
              (11 damage)
             ... on level 3 of the Dungeon.
             The game lasted 00:02:37 (2319 turns).

BinkBink the Shield-Bearer (Gargoyle Fighter)       Turns: 2319, Time: 00:02:38

Health: -10/33     AC: 14    Str: 22    XL:     5   Next: 24%
Magic:  5/5        EV: 10    Int:  8    God:
Gold:   107        SH:  4    Dex:  9    Spells: 4/4 levels left

rFire   + . .        a - +0 flail
rCold   x . .        c - +0 buckler
rNeg    + . .        b - +0 scale mail
rPois   ∞            (no helmet)
rElec   +            (no cloak)
rCorr   .            (no gloves)
SInv    .            (no boots)
Will    .....        (no amulet) Stlth
                     j - +4 ring of protection
HPRegen 0.25/turn    h - ring of fire
MPRegen 0.09/turn

%: no passive effects
@: no status effects
A: sickness immunity, AC +4, negative energy resistance 1, electricity
resistance, torment resistance 1, petrification resistance
a: no special abilities


You were on level 3 of the Dungeon.
You visited 1 branch of the dungeon, and saw 3 of its levels.

You collected 107 gold pieces.

Inventory:

Hand Weapons
 a - a +0 flail (weapon)
Armour
 b - a +0 scale mail (worn)
 c - a +0 buckler (worn)
Jewellery
 h - a ring of fire (right hand)
 j - a +4 ring of protection (left hand)
Wands
 p - a wand of polymorph (6)
Scrolls
 g - a scroll of identify {unknown}
 n - a scroll of silence {unknown}
 o - a scroll of vulnerability {unknown}
 q - a scroll of enchant weapon {unknown}
 r - a scroll of teleportation {unknown}
 s - a scroll of poison {unknown}
Potions
 d - a potion of might
 e - a potion of heal wounds {unknown}
 f - 2 potions of curing {unknown}
 i - a potion of mutation {unknown}
 k - 2 potions of resistance {unknown}
 l - a potion of brilliance {unknown}
 m - a potion of attraction {unknown}


   Skills:
 + Level 4.2 Fighting
 + Level 3.1 Maces & Flails
 - Level 3.3 Armour
 + Level 1.6 Dodging
 + Level 4.2 Shields


You had 4 spell levels left.
You didn't know any spells.
Your spell library contained the following spells:

 Spells                   Type           Power      Damage    Failure   Level
 Slow                     Hex            0%         N/A       80%         1
 Confusing Touch          Hex            0%         N/A       99%         3
 Sigil of Binding         Hex            0%         N/A       99%         3
 Vampiric Draining        Necr           0%         2d6       99%         3
 Volatile Blastmotes      Fire/Tloc      0%         2d10      99%         3
 Brom's Barrelling Bould  Conj/Erth      0%         2d3       100%        4
 Fulminant Prism          Conj/Hex       0%         3d5       100%        4
 Iskenderun's Mystic Bla  Conj/Tloc      0%         2d3       100%        4
 Fireball                 Conj/Fire      0%         3d3       100%        5
 Iskenderun's Battlesphe  Conj           0%         2d6       100%        5
 Conjure Ball Lightning   Conj/Air       0%         3x3d6     100%        6
 Orb of Destruction       Conj           0%         9d5       100%        7


Dungeon Overview and Level Annotations

Branches:
Dungeon (3/15)

Altars:
Wu Jian


Innate Abilities, Weirdness & Mutations

You are immune to sickness and miasma.
Your stone body is resilient. (AC +4)
You are immune to poison.
You resist negative energy. (rN+)
You are resistant to electric shocks. (rElec)
You are resistant to unholy torment.
You are immune to petrification.


Message History

You closely miss the bat.
The bat is moderately wounded.
You block the bat's attack. The bat hits you but does no damage.
You completely miss the bat. The bat hits you but does no damage.
The bat hits you but does no damage. The bat hits you but does no damage.
You closely miss the bat. You block the bat's attack.
You hit the bat.
The bat is moderately wounded.
The bat closely misses you.
You miss the bat.
The bat is moderately wounded.
The bat closely misses you.
You closely miss the bat.
The bat is moderately wounded.
You block the bat's attack.
An ogre comes into view. It is wielding a +0 giant club.
The ogre shouts!
The bat hits you but does no damage. The bat hits you but does no damage.
You hit the bat.
You kill the bat!
You sock the ogre!
The ogre is heavily wounded.
The ogre hits you with a +0 giant club!
You barely miss the ogre.
The ogre is heavily wounded.
The ogre barely misses you.
You thump the ogre!
The ogre is almost dead.
The ogre hits you with a +0 giant club!!
Ouch! That really hurt!
* * * LOW HITPOINT WARNING * * *
You hit the ogre but do no damage.
The ogre is almost dead.
The ogre closely misses you.
You barely miss the ogre.
The ogre is almost dead.
The ogre hits you with a +0 giant club!
You die...

.....#####...##....########
.....'..##..########
.....##......#.....# .#
.....#####...#.....#....
##########>..†..........
#.....#########.... #.....#
#.....[.... #.....#
#......!...
#.....###..@O......
#.....'............
#.....#########.... #.....#
... #.....# ## ........
.#######. . #.


You could see an ogre.

Vanquished Creatures
  5 adders
  A gnoll (D:1)
  4 worms
  5 dart slugs
  3 orcs (D:3)
  3 ball pythons (D:1)
  10 bats
  6 endoplasms
  2 giant cockroaches
  6 goblins
  A hobgoblin (D:1)
  3 jackals (D:2)
  4 quokkas
  3 frilled lizards
  2 kobolds
  4 rats
62 creatures vanquished.

Notes
Turn   | Place    | Note
-------+----------+-------------------------------------------
     0 | D:1      | BinkBink the Gargoyle Fighter began the quest for the Orb.
     0 | D:1      | Reached XP level 1. HP: 14/14 MP: 1/1
    45 | D:1      | Found a faded altar of an unknown god.
    88 | D:1      | Reached XP level 2. HP: 15/19 MP: 2/2
   214 | D:1      | Reached XP level 3. HP: 12/23 MP: 3/3
   898 | D:1      | Reached skill level 1 in Dodging
  1198 | D:2      | Reached XP level 4. HP: 29/29 MP: 4/4
  1860 | D:3      | Reached XP level 5. HP: 33/33 MP: 5/5
  1980 | D:3      | Found an ornate altar of the Wu Jian Council.
  2311 | D:3      | Noticed an ogre
  2317 | D:3      | HP: 1/33 [ogre/+0 giant club (21)]
  2319 | D:3      | Mangled by an ogre

Illustrated notes

Levels and vault maps discovered:
D:1:      mrwooster_arrival_arrow, layout_basic,
          nicolae_ecumenical_snake_handling, minmay_tromino_v7
D:2:      layout_rooms
D:3:      layout_basic, lemuel_doored_altar, item_on_display_a

Skill      XL: |  1  2  3  4 |
---------------+-------------+-----
Dodging        | 1 |  1.6
Shields        | 4 |  4.2
Fighting       | 4 |  4.2
Maces & Flails | 3 |  3.1
Armour         | |  3.3

Action                     |  1- 3 |  4- 6 || total
---------------------------+-------+-------++-------
  Melee: Flail             |    94 |   170 ||   264
 Armour: Scale mail        |    82 |   127 ||   209
  Dodge: Dodged            |    53 |   105 ||   158
  Block: Buckler           |    18 |    56 ||    74

Table legend: (Time is in decaauts)
 A = Elapsed time spent in this place.
 B = Non-inter-level travel time spent in this place.
 C = Inter-level travel time spent in this place.
 D = Time resting spent in this place.
 E = Time spent auto-exploring this place.
 F = Levels seen in this place.
 G = Mean time per level.
                   A        B        C        D        E       F      G
               +--------+--------+--------+--------+--------+-----+--------+
         Total |   2395 |   2355 |     40 |    267 |   1542 |   3 |  798.3 |
       Dungeon |   2395 |   2355 |     40 |    267 |   1542 |   3 |  798.3 |
               +--------+--------+--------+--------+--------+-----+--------+

Top non-repeatable levels by time:
     D:1: 1186 daAuts
     D:3: 702 daAuts
     D:2: 506 daAuts
